Map: 데이터-C

Players

Jinioh

  • Race: Terran Terran
  • Spawn Location: 3:00

Elazer - Winner!

  • Race: Zerg Zerg
  • Spawn Location: 9:00

Event: DreamHack SC2 Masters 2022 Atlanta (Offline)

VOD

Have the link to the VOD?

Description

Time

  • Played on: Nov. 18, 2022, 10:45 a.m.
  • Length: 6:05

All games in this series

Show
View Real Time Build Order
Export as new Build Order

Jinioh Terran 

Build Orders: 1/1/1, Hellion Opening 

Get SALT Encoding   

  12  0:00  SCV  
  13  0:12  SCV  
  14  0:17  Supply Depot  
  14  0:24  SCV  
  15  0:30  Refinery  
  15  0:38  SCV  
  16  0:44  Barracks  
  16  0:50  SCV  
  17  1:02  SCV  
  18  1:15  SCV  
  19  1:31  Orbital Command, Marine  
  19  1:32  Factory  
  20  1:38  Supply Depot  
  20  1:50  Barracks Reactor  
  20  1:57  SCV  
  21  2:09  SCV  
  22  2:19  Command Center  
  22  2:25  Starport  
  22  2:31  Hellion  
  22  2:34  Hellion  
  27  2:40  Supply Depot  
  27  2:42  SCV  
  27  2:52  Hellion  
  27  2:55  Hellion  
  31  3:02  Medivac  
  33  3:13  SCV  
  33  3:14  Hellion  
  33  3:16  Hellion  
  33  3:19  Refinery  
  38  3:26  SCV  
  39  3:31  Barracks Tech Lab  
  39  3:32  Orbital Command  
  39  3:40  Hellion  
  41  3:41  SCV  
  42  3:53  Hellion, SCV  
  45  4:00  Marauder  
  45  4:01  Hellion  
  49  4:04  Concussive Shells  
  49  4:06  SCV  
  50  4:13  Armory  
  50  4:14  Hellion  
  52  4:19  Supply Depot  
  52  4:21  Marauder  
  54  4:25  Hellion  
  56  4:32  SCV  
  56  4:37  Hellion  
  59  4:45  Supply Depot  
  59  4:50  Reaper  
  59  4:51  Hellion  
  60  4:59  Hellion  
  63  5:02  Liberator  
  65  5:12  Hellion  
  67  5:15  SCV  
  67  5:20  Hellion, SCV  
  71  5:27  SCV  
  70  5:33  SCV  
  70  5:35  Hellion  
  65  5:39  SCV  
  57  5:45  SCV  
  49  5:51  SCV  
Show
View Real Time Build Order
Export as new Build Order

Elazer Zerg - Winner!

Build Orders: Hatch First 

Get SALT Encoding   

  12  0:00  Drone  
  13  0:11  Overlord  
  13  0:17  Drone  
  14  0:30  Drone x2  
  16  0:47  Hatchery  
  15  0:51  Drone  
  15  0:54  Drone  
  17  0:58  Drone  
  18  1:09  Extractor  
  17  1:13  Spawning Pool  
  17  1:16  Drone  
  17  1:20  Drone  
  18  1:27  Drone  
  19  1:39  Drone  
  20  1:51  Drone  
  21  1:59  Queen x2  
  25  2:05  Zergling x4  
  25  2:07  Spine Crawler  
  26  2:13  Metabolic Boost  
  26  2:15  Overlord  
  26  2:23  Drone  
  26  2:25  Drone  
  28  2:32  Overlord  
  28  2:35  Queen  
  31  2:41  Drone x2  
  33  2:49  Drone x2  
  35  3:01  Hatchery  
  35  3:03  Drone  
  35  3:05  Drone  
  35  3:09  Drone  
  36  3:14  Drone x3  
  36  3:19  Queen  
  41  3:24  Overlord  
  41  3:29  Zergling x4  
  43  3:41  Overlord  
  43  3:46  Drone x8  
  51  3:54  Zergling x4  
  49  4:04  Overlord  
  49  4:05  Queen  
  51  4:10  Queen  
  51  4:14  Zergling x2  
  51  4:15  Zergling x4  
  56  4:20  Zergling x6  
  59  4:25  Queen  
  59  4:27  Drone  
  59  4:29  Drone  
  63  4:33  Overlord  
  63  4:34  Drone  
  64  4:41  Zergling x8  
  64  4:42  Zergling x2  
  68  4:48  Overlord  
  70  4:52  Drone x2  
  70  4:55  Queen  
  72  5:02  Drone x6  
  78  5:07  Overlord  
  78  5:10  Queen  
  80  5:14  Queen  
  80  5:16  Zergling x2  
  82  5:25  Zergling x14  
  81  5:36  Zergling x6  
  81  5:44  Zergling x14  
Tags
 
Add a new tag
Caveats
  • Supply blocks, unpowered buildings, or Contaminate may cause inaccurate times.
  • Supply counts are checked every 10 seconds.